 Dungeon Crawl Stone Soup version 0.28.0-53-g5a82cb258f (webtiles) character file.

Game seed: 8573706265371926422

15607 Peloso the Carver (level 12, -8/106 HPs)
             Began as a Minotaur Fighter on May 28, 2022.
             Was a High Priest of Okawaru.
             Mangled by a reaper
             ... wielding a +2 scythe of venom
              (20 damage)
             ... in a Gauntlet.
             The game lasted 00:28:50 (17044 turns).

Peloso the Carver (Minotaur Fighter)               Turns: 17044, Time: 00:28:51

Health: -8/106     AC: 17    Str: 35    XL:     12   Next: 2%
Magic:  12/12      EV: 12    Int:  5    God:    Okawaru [*****.]
Gold:   840        SH:  6    Dex: 13    Spells: 11/11 levels left

rFire   . . .      SeeInvis .   a - +0 long sword
rCold   + + .      Faith    .   c - +0 buckler
rNeg    . . .      Spirit   .   C - +0 ice dragon scales
rPois   .          Reflect  .   (helmet restricted)
rElec   .          Harm     .   w - +0 cloak
rCorr   .          Rampage  .   (no gloves)
Will    .....      NoTele   +   D - +0 pair of boots of the Poles {Str+6}
Stlth   ..........              (no amulet)
HPRegen 0.27/turn               u - +6 ring of strength
MPRegen 0.13/turn               o - ring of protection from fire

@: mighty
A: horns 2, retaliatory headbutt
a: Renounce Religion, Heroism, Finesse, Duel


You were in a Gauntlet.
You worshipped Okawaru.
Okawaru was extremely pleased with you.
You visited 2 branches of the dungeon, and saw 12 of its levels.
You also visited: Gauntlet and Ice Cave.

You collected 1153 gold pieces.
You spent 313 gold pieces at shops.

Inventory:

Hand Weapons
 a - a +0 long sword (weapon)
 b - a +2 whip of flaming
Missiles
 y - a throwing net (quivered)
Armour
 c - a +0 buckler (worn)
 f - a +0 plate armour
 l - a +0 pair of boots
 w - a +0 cloak (worn)
 x - a +0 scale mail
 C - +0 ice dragon scales (worn)
 D - the +0 pair of boots of the Poles (worn) {Str+6}
   (You bought it in a shop on level 8 of the Dungeon)

   Str:       It affects your strength (+6).
Jewellery
 i - a ring of protection from cold
 o - a ring of protection from fire (right hand)
 q - a ring of poison resistance
 u - a +6 ring of strength (left hand)
 K - a ring of magical power
 L - a ring of magical power
 M - a ring of positive energy
Wands
 m - a wand of paralysis (11)
 p - a wand of flame (50)
 A - a wand of digging (6)
Scrolls
 e - 6 scrolls of fog
 g - 3 scrolls of blinking
 h - 2 scrolls of amnesia
 j - 2 scrolls of holy word
 k - 2 scrolls of summoning
 n - 2 scrolls of immolation
 s - a scroll of enchant weapon
 t - a scroll of magic mapping
 B - 3 scrolls of enchant armour
 E - 2 scrolls of teleportation
Potions
 d - 3 potions of might
 r - 2 potions of flight
 v - 3 potions of brilliance
 z - 2 potions of curing
 F - a potion of resistance
 G - a potion of mutation
 H - 3 potions of magic {unknown}
 I - a potion of berserk rage {unknown}
Miscellaneous
 J - a condenser vane


   Skills:
 + Level 10.3 Fighting
 + Level 14.2 Long Blades
 + Level 12.2 Armour
 + Level 5.0 Dodging
 + Level 2.3 Stealth
 + Level 9.6 Shields
 + Level 1.9 Invocations


You had 11 spell levels left.
You didn't know any spells.
Your spell library contained the following spells:

 Spells                   Type           Power      Damage    Failure   Level
 Magic Dart               Conj           0%         1d3       75%         1
 Ensorcelled Hibernation  Hex/Ice        0%         N/A       87%         2
 Passwall                 Tmut/Erth      0%         N/A       87%         2
 Mephitic Cloud           Conj/Pois/Air  0%         N/A       98%         3
 Ozocubu's Armour         Ice            0%         N/A       98%         3
 Stone Arrow              Conj/Erth      0%         3d7       98%         3
 Swiftness                Air            0%         N/A       98%         3
 Ozocubu's Refrigeration  Ice            0%         4d5       100%        7
 Lehudib's Crystal Spear  Conj/Erth      0%         10d2      100%        8
 Call Imp                 Summ           Unusable   N/A       N/A         2
 Animate Armour           Summ/Erth      Unusable   N/A       N/A         4

Dungeon Overview and Level Annotations

Branches:
Dungeon (11/15)            Temple (0/1) D:6            Lair (1/6) D:10
    Orc (0/2) D:10          IceCv (visited)         Gauntlet (1/1)

Altars:
Cheibriados
Dithmenos
Elyvilon
Fedhas
Hepliaklqana
Nemelex Xobeh
Okawaru
Qazlal
Ru
Trog
Uskayaw
Zin

Shops:
D:2 :   D:3 [   D:6 *   D:8 [   D:10 [(

Portals:
Trove: D:10 (give 2 scrolls of acquirement)

Annotations:
Gauntlet 9 transporters


Innate Abilities, Weirdness & Mutations

You have a pair of horns on your head.
You reflexively headbutt those who attack you in melee.


Message History

The reaper hits you with a +2 scythe of venom.
You are poisoned.
You hit the reaper but do no damage.
The reaper is heavily wounded.
You feel sick.
The hellwing hits you but does no damage.
The hellwing closely misses you. You block the reaper's attack.
Unknown command.
You hit the reaper.
You headbutt the reaper, but do no damage.
The reaper is heavily wounded.
You feel sick. The hellwing hits you!
The hellwing hits you but does no damage.
Unknown command.
You hit the reaper but do no damage.
The reaper is heavily wounded.
You feel sick.
The reaper hits you with a +2 scythe of venom!!
* * * LOW HITPOINT WARNING * * *
Unknown command.
You hit the reaper. You headbutt the reaper!
The reaper is severely wounded.
You feel sick.
The hellwing hits you but does no damage. x2
You block the reaper's attack.
Unknown command.
You feel better. You block the hellwing's attack. x2
The reaper hits you with a +2 scythe of venom!
* * * LOW HITPOINT WARNING * * *
Unknown command.
You slice the reaper!!
You headbutt the reaper, but do no damage.
The reaper is almost dead.
The hellwing barely misses you. You furiously retaliate!
You headbutt the hellwing. You block the hellwing's attack.
The reaper hits you but does no damage.
You feel better. The hellwing barely misses you.
You block the hellwing's attack.
The reaper hits you with a +2 scythe of venom!!
You die...

......≈.............≈............
#####...###########...###########
....#...#.........#...#.........#
##..#...#...###...#...#.#.....#.#
..#.#####!...#....#####..##.##..#
..#.#...#=#..#..#.#...#..##.##..#
##..#©.©#©.######.#©.©#©.#.©.#..#
©.#.#...#)#..#©.#.#...#..##.##..#
..#.#####....#..@2#####..##.##..#
##.y#...#...###.4.#...#.#.....#.#
..yy#.8.#.........#.8.#.........#
#####...###########...###########
.................................
.................................
#################################
#8# #8# #8# #8# #8# #8# #8# #8# #
### ### ### ### ### ### ### ### #


You could see a reaper and a hellwing.

Vanquished Creatures
  2 two-headed ogres
  Pikel (D:7)
  A deep elf pyromancer (D:11)
  An ugly thing (D:11)
  2 cyclopes
  A shining eye (Gauntlet)
  An ice statue (IceCv)
  2 entropy weaver simulacra (IceCv)
  An anaconda simulacrum (IceCv)
  3 trolls
  Sigmund (D:4)
  2 shadows
  11 yaks
  2 dire elephant simulacra (IceCv)
  A basilisk (D:11)
  2 vampire mosquitoes (D:6)
  2 death yak simulacra (IceCv)
  3 steam dragons
  Menkaure (D:4)
  A harpy simulacrum (IceCv)
  2 wargs
  A floating eye (Gauntlet)
  A water moccasin (D:9)
  9 orc warriors
  A black bear (D:7)
  3 ice beasts (D:6)
  A hornet zombie (D:7)
  2 sky beasts
  A necrophage (D:5)
  4 centaurs
  2 lemures (D:7)
  2 kobold brigands (D:7)
  4 bullfrogs
  A scorpion (D:4)
  3 gnoll sergeants (D:8)
  A wyvern zombie (D:7)
  2 cane toad simulacra (IceCv)
  8 two-headed ogre simulacra (IceCv)
  2 elephant simulacra (IceCv)
  3 killer bees (D:9)
  4 wights (D:8)
  4 howler monkeys
  9 orc priests
  4 centaur zombies
  2 gnoll shamans
  7 hounds
  4 iguanas
  Crazy Yiuf (D:6)
  A bullfrog skeleton (D:6)
  6 orc wizards
  Ijyb (D:4)
  2 polar bear simulacra (IceCv)
  7 troll simulacra
  13 spriggan simulacra
  4 wolf simulacra (IceCv)
  A killer bee zombie (D:6)
  2 howler monkey zombies (D:9)
  23 gnolls
  4 adders
  A howler monkey skeleton (D:5)
  4 naga simulacra
  2 shadow imps (Gauntlet)
  9 white imps
  4 ufetubi
  An adder skeleton (D:4)
  A dart slug (D:3)
  4 worms
  30 orcs
  4 bats
  9 endoplasms
  2 giant cockroaches
  5 goblins
  10 hobgoblins
  6 jackals
  4 quokkas
  2 ball pythons (D:1)
  A frilled lizard (D:1)
  14 kobolds
  4 rats
  A bush (D:8)
311 creatures vanquished.

Vanquished Creatures (others)
  An orc (D:8)
  19 demonic plants (Gauntlet)
  A fungus (Gauntlet)
  A plant (Gauntlet)
22 creatures vanquished.

Grand Total: 333 creatures vanquished

Notes
Turn   | Place    | Note
-------+----------+-------------------------------------------
     0 | D:1      | Peloso the Minotaur Fighter began the quest for the Orb.
     0 | D:1      | Reached XP level 1. HP: 19/19 MP: 0/0
   469 | D:1      | Reached XP level 2. HP: 27/27 MP: 1/1
  1061 | D:2      | Reached XP level 3. HP: 33/33 MP: 2/2
  1101 | D:2      | Found Ziebbev's Book Shop.
  1651 | D:3      | Found a hazy altar of Hepliaklqana.
  1651 | D:3      | Found a sparkling altar of Nemelex Xobeh.
  1651 | D:3      | Found a white marble altar of Elyvilon.
  1651 | D:3      | Found a stormy altar of Qazlal.
  1651 | D:3      | Found a hide-covered altar of Uskayaw.
  1671 | D:2      | Reached skill level 3 in Long Blades
  2016 | D:3      | Reached XP level 4. HP: 41/41 MP: 3/3
  2020 | D:3      | Reached skill level 1 in Dodging
  2072 | D:3      | Found Kaco's Armour Boutique.
  2703 | D:4      | Reached skill level 4 in Long Blades
  2703 | D:4      | Reached XP level 5. HP: 46/47 MP: 4/4
  2764 | D:4      | Noticed Ijyb
  2777 | D:4      | Killed Ijyb
  2778 | D:4      | Reached skill level 5 in Long Blades
  2834 | D:4      | Noticed Menkaure
  2842 | D:4      | Killed Menkaure
  2843 | D:4      | Reached skill level 5 in Armour
  2843 | D:4      | Reached XP level 6. HP: 23/55 MP: 5/5
  3036 | D:4      | Noticed Sigmund
  3057 | D:4      | Killed Sigmund
  3058 | D:4      | Reached skill level 5 in Fighting
  3058 | D:4      | Reached skill level 6 in Long Blades
  3058 | D:4      | Reached XP level 7. HP: 34/61 MP: 6/6
  3327 | D:4      | Found a glowing silver altar of Zin.
  3389 | D:4      | Found an iron altar of Okawaru.
  3581 | D:4      | Became a worshipper of Warmaster Okawaru
  3602 | D:5      | Entered Level 5 of the Dungeon
  3714 | D:5      | Reached skill level 7 in Long Blades
  4279 | D:5      | Reached * piety under Okawaru
  4678 | D:6      | Noticed a steam dragon
  5137 | D:6      | Killed a steam dragon
  5138 | D:6      | Reached skill level 8 in Long Blades
  5138 | D:6      | Reached skill level 1 in Stealth
  5138 | D:6      | Reached XP level 8. HP: 49/70 MP: 5/7
  5335 | D:6      | Found Acrof's Overcharged Wands.
  5344 | D:6      | Noticed a cyclops
  5345 | D:6      | Found a staircase to the Ecumenical Temple.
  5355 | D:6      | HP: 2/70 [cyclops (18)]
  5357 | D:6      | Killed a cyclops
  5358 | D:6      | Reached skill level 5 in Shields
  5852 | D:6      | Identified the +1 robe of Analysis {rF+ rC+ Dex+3}
  5871 | D:6      | Reached skill level 9 in Long Blades
  6122 | D:6      | Found a transporter.
  6216 | D:6      | Found a transporter.
  6343 | D:6      | Found a shadowy altar of Dithmenos.
  6613 | D:6      | Found a runed translucent door.
  6614 | D:6      | Noticed Crazy Yiuf
  6876 | D:6      | Killed Crazy Yiuf
  7191 | D:7      | Reached ** piety under Okawaru
  7192 | D:7      | Reached XP level 9. HP: 78/78 MP: 8/8
  7247 | D:7      | Reached skill level 1 in Invocations
  7588 | D:7      | Noticed Pikel
  7600 | D:7      | Killed Pikel
  7738 | D:7      | Reached skill level 10 in Long Blades
  7829 | D:7      | Found a sacrificial altar of Ru.
  7885 | D:7      | Found a bloodstained altar of Trog.
  8887 | D:8      | Identified the +3 ring mail "Qoqaubri" {Dex+7}
  8897 | D:8      | Reached *** piety under Okawaru
  9018 | D:8      | Reached XP level 10. HP: 86/86 MP: 9/9
  9066 | D:8      | Reached skill level 11 in Long Blades
  9721 | D:8      | Found Huhipnu's Armour Boutique.
  9724 | D:8      | Bought the +0 pair of boots of the Poles {Str+6} for 313
                  | gold pieces
  9818 | D:8      | Found a snail-covered altar of Cheibriados.
  9891 | D:8      | Reached **** piety under Okawaru
  9892 | D:8      | Reached skill level 12 in Long Blades
 10851 | D:9      | Reached skill level 10 in Armour
 10893 | D:9      | Noticed a two-headed ogre
 10909 | D:9      | Killed a two-headed ogre
 11227 | D:9      | Found a blossoming altar of Fedhas.
 11716 | D:10     | Entered Level 10 of the Dungeon
 11734 | D:9      | Reached XP level 11. HP: 32/97 MP: 11/11
 12321 | D:10     | Found a portal to a secret trove of treasure.
 12418 | D:10     | Found a staircase to the Orcish Mines.
 12418 | D:10     | Found Eseuf's Armour Shop.
 12418 | D:10     | Found Mamm's Weapon Shop.
 12445 | D:10     | Reached ***** piety under Okawaru
 12948 | D:10     | Found a staircase to the Lair.
 13648 | D:11     | Noticed a purple ugly thing
 13657 | D:11     | Killed a purple ugly thing
 13658 | D:11     | Reached skill level 13 in Long Blades
 13668 | D:11     | Found a frozen archway.
 13697 | IceCv    | Entered an ice cave
 14881 | IceCv    | Received a gift from Okawaru
 15434 | IceCv    | Noticed a reaper
 15444 | IceCv    | Received a gift from Okawaru
 15445 | IceCv    | Reached skill level 10 in Fighting
 15446 | IceCv    | HP: 2/99 [reaper/+3 scythe of freezing (3)]
 15972 | IceCv    | Found the +10 morningstar "Eos" {elec, Halo rElec}
 16159 | D:11     | Noticed a deep elf pyromancer
 16164 | D:11     | Killed a deep elf pyromancer
 16165 | D:11     | Reached skill level 14 in Long Blades
 16286 | D:11     | Noticed a two-headed ogre
 16291 | D:11     | Killed a two-headed ogre
 16744 | Lair:1   | Entered Level 1 of the Lair of Beasts
 16744 | Lair:1   | Found a gate leading to a gauntlet.
 16748 | Gauntlet | Entered a Gauntlet
 16748 | Gauntlet | Found a transporter.
 16748 | Gauntlet | Found a transporter.
 16750 | Gauntlet | Found a transporter.
 16750 | Gauntlet | Found a transporter.
 16750 | Gauntlet | Noticed a shining eye
 16753 | Gauntlet | Found a transporter.
 16753 | Gauntlet | Found a transporter.
 16769 | Gauntlet | Found a transporter.
 16769 | Gauntlet | Noticed a reaper
 16773 | Gauntlet | Found a transporter.
 16773 | Gauntlet | Noticed a harpy
 16773 | Gauntlet | a troll changed into a harpy
 16775 | Gauntlet | Noticed a sixfirhy
 16776 | Gauntlet | Noticed a sixfirhy
 16778 | Gauntlet | a harpy changed into a guardian serpent
 16785 | Gauntlet | Noticed a death drake
 16785 | Gauntlet | an elephant changed into a death drake
 16787 | Gauntlet | Found a transporter.
 16887 | Gauntlet | Found a transporter.
 16891 | Gauntlet | Found a transporter.
 16905 | Gauntlet | Found a transporter.
 16984 | Gauntlet | Paralysed by a floating eye for 2 turns
 16990 | Gauntlet | Paralysed by a floating eye for 3 turns
 16998 | Gauntlet | Killed a shining eye
 16999 | Gauntlet | Reached skill level 5 in Dodging
 16999 | Gauntlet | Reached XP level 12. HP: 106/106 MP: 12/12
 17042 | Gauntlet | HP: 3/106 [reaper/+2 scythe of venom (15)]
 17044 | Gauntlet | Mangled by a reaper

Illustrated notes

Levels and vault maps discovered:
D:1:      arrival_zaba_pyramid, layout_basic
D:2:      layout_basic, serial_shops, nicolae_shop_hallway_stairs
D:3:      cheibrodos_helix_gallery, layout_basic, grunt_temple_overflow_open,
          serial_shops, nicolae_lakefront_shop, minmay_misc_feat_x
D:4:      layout_basic, nicolae_overflow_squiral, uniq_ijyb, uniq_sigmund,
          uniq_menkaure
D:5:      layout_gridville
D:6:      gammafunk_cloud_chamber, layout_layer_cave,
          nicolae_dithmenos_the_darkroom, minmay_temple_entry_sparse_star,
          nicolae_shop_overcharged_wands, uniq_crazy_yiuf_cottage
D:7:      layout_basic, trog_hazing_becter, mainiacjoe_overflow_alcove_4,
          uniq_pikel
D:8:      minmay_angry_zag, layout_cave_pools, marbit_many_paths, serial_shops,
          kennysheep_mini_moat, serial_gnoll_camp, gnoll_camp_medium_02,
          gnoll_camp_mini_house, gnoll_camp_mini_basic,
          gnoll_camp_mini_doghouse, chequers_serial_rivers_micro_e,
          kb_lookout_dungeons_type, amcnicky_mini_pool_small
D:9:      layout_long_grid, kennysheep_mini
D:10:     layout_long_grid, erik_lair_orcish_takeover, orc_david_3,
          nicolae_trove_entry_columns, hex_large
D:11:     layout_loops_cross, portal_ice_cave_entry_ice_simulacra
Lair:1:   layout_roguey, gauntlet_entry_generic, wad_woods_river_01
Gauntlet: gammafunk_gauntlet_hard_choice [nicolae_gauntlet_arena_blocks,
          gammafunk_gauntlet_arena_grid, nicolae_gauntlet_arena_t_cross,
          gammafunk_gauntlet_arena_mazey, nicolae_gauntlet_arena_quarters,
          gammafunk_gauntlet_arena_hedges, gauntlet_exit_green]

Skill      XL: |  1  2  3  4  5  6  7  8  9 10 11 |
---------------+----------------------------------+-----
Fighting       | 4 5 6 7 9 10 | 10.3
Armour         | 4 5 6 7 9 10 12 | 12.2
Long Blades    | 3 4 5 6 8 9 10 12 14 | 14.2
Dodging        | 1 2 3 4 5 |  5.0
Shields        | 4 5 6 8 9 |  9.6
Stealth        | 1 2 |  2.3
Invocations    | 1 |  1.9

Action                   |  1- 3 |  4- 6 |  7- 9 | 10-12 || total
-------------------------+-------+-------+-------+-------++-------
Melee: Long sword        |    71 |    67 |   348 |   513 ||   999
       Headbutt          |     3 |    11 |    76 |   139 ||   229
Invok: Heroism           |       |       |     7 |    14 ||    21
  Use: Scroll            |     4 |       |     7 |    12 ||    23
       Potion            |       |       |     1 |     9 ||    10
Armor: Scale mail        |    32 |    20 |   121 |       ||   173
       Plate armour      |       |       |    70 |   151 ||   221
       Ice dragon scales |       |       |       |    69 ||    69
Dodge: Dodged            |    45 |    18 |   217 |   187 ||   467
Block: Buckler           |    10 |    16 |   117 |   147 ||   290
